 Dungeon Crawl Stone Soup version 0.27-a0-650-g8dd3ea4f36 (webtiles) character file.

Game seed: 16383150664260102473

7 siradein the Vexing (level 2, -3/23 HPs)
             Began as a Gnoll Arcane Marksman on Mar 15, 2021.
             Hit by a stone thrown by a kobold (4 damage)
             ... on level 1 of the Dungeon.
             The game lasted 00:03:20 (307 turns).

siradein the Vexing (Gnoll Arcane Marksman)          Turns: 307, Time: 00:03:21

Health: -3/23      AC:  2    Str:  9    XL:     2   Next: 0%
Magic:  5/5        EV: 13    Int: 12    God:
Gold:   0          SH:  0    Dex: 12    Spells: 5/6 levels left

rFire    . . .     SeeInvis .   h - +0 spear
rCold    . . .     Faith    .   (no shield)
rNeg     . . .     Spirit   .   e - +0 robe
rPois    .         Reflect  .   (no helmet)
rElec    .         Harm     .   (no cloak)
rCorr    .         Rampage  .   (no gloves)
Will     .....                  (no boots)
Stlth    +.........             (no amulet)
HPRegen  0.07/turn              (no ring)
MPRegen  0.09/turn              (no ring)

@: no status effects
A: fangs 1, strong nose, distributed training
a: no special abilities


You were on level 1 of the Dungeon.
You visited 1 branch of the dungeon, and saw 1 of its levels.

Inventory:

Hand Weapons
 a - a +0 shortbow
 h - a +0 spear (weapon)
Missiles
 c - 22 bolts
 d - 18 arrows
Armour
 e - a +0 robe (worn)
Scrolls
 f - a scroll of identify {unknown}
 g - a scroll of magic mapping {unknown}


   Skills:
 + Level 2.4 Fighting
 + Level 0.2 Short Blades
 + Level 0.2 Long Blades
 + Level 0.2 Axes
 + Level 0.2 Maces & Flails
 + Level 0.2 Polearms
 + Level 0.2 Staves
 + Level 0.2 Slings
 + Level 4.4 Bows
 + Level 0.2 Crossbows
 + Level 0.2 Throwing
 + Level 0.2 Armour
 + Level 4.4 Dodging
 + Level 0.2 Stealth
 + Level 0.2 Shields
 + Level 0.2 Unarmed Combat
 + Level 2.6 Spellcasting
 + Level 0.1 Conjurations
 + Level 5.3 Hexes
 + Level 0.1 Summonings
 + Level 0.1 Necromancy
 + Level 0.1 Translocations
 + Level 0.1 Transmutations
 + Level 0.1 Fire Magic
 + Level 0.1 Ice Magic
 + Level 0.1 Air Magic
 + Level 0.1 Earth Magic
 + Level 0.1 Poison Magic
 + Level 0.3 Invocations
 + Level 0.2 Evocations


You had 5 spell levels left.
You knew the following spells:

 Your Spells              Type           Power      Damage    Failure   Level
a - Corona                Hex            15%        N/A       2%          1

Your spell library contained the following spells:

 Spells                   Type           Power      Damage    Failure   Level
 Slow                     Hex            14%        N/A       4%          2
 Inner Flame              Hex/Fire       8%         N/A       24%         3
 Portal Projectile        Hex/Tloc       16%        N/A       24%         3
 Cause Fear               Hex            7%         N/A       28%         4
 Leda's Liquefaction      Hex/Erth       4%         N/A       63%         4


Dungeon Overview and Level Annotations

Branches:
Dungeon (1/15)

Altars:


Innate Abilities, Weirdness & Mutations

You have very sharp teeth.
Your uncanny sense of smell can sniff out nearby items.
Your experience applies equally to all skills.


Message History

A goblin comes into view. It is wielding a +0 club.
A goblin is nearby!
A hobgoblin comes into view. It is wielding a +0 club.
The hobgoblin shouts!
A goblin comes into view.
It is wielding a +1 dagger of protection.
The goblin shouts!
The goblin moves out of view.
Found a scroll labelled BUINNO FUYTO.
Found a stone staircase leading down.
You reach to attack!
You hit the goblin.
You kill the goblin!
You reach to attack!
You hit the hobgoblin.
The hobgoblin is almost dead.
You hit the hobgoblin.
You kill the hobgoblin!
You have reached level 2!
You closely miss the goblin. The goblin barely misses you.
You barely miss the goblin. You bite the goblin, but do no damage.
The goblin hits you with a +1 dagger of protection!
You miss the goblin.
The goblin hits you with a +1 dagger of protection.
You hit the goblin but do no damage.
The goblin hits you with a +1 dagger of protection.
You are too injured to fight recklessly!
You are too injured to fight recklessly!
You are too injured to fight recklessly!
You are too injured to fight recklessly!
You are too injured to fight recklessly!
You see here a hobgoblin corpse.
You hit the goblin but do no damage.
The goblin hits you with a +1 dagger of protection.
You closely miss the goblin.
The goblin hits you with a +1 dagger of protection.
* * * LOW HITPOINT WARNING * * *
The kobold shouts!
The kobold throws a stone.
The stone hits you.
* * * LOW HITPOINT WARNING * * *
The kobold throws a stone.
The stone barely misses you.
A bat comes into view.
The kobold throws a stone.
The stone hits you.
You die...

##.....####......).##...?
#..##.# #####.......#
#...#.# #...#.......#
#.#.#.# ##...#..#..#.#
#.#.#.###...b...#.)# #
#.....#.........##...
###.###...............
#.# #.........# >#..#
##.# #.@...#.. ......
#..######g.K### # .##
#.#...........#
#.#.###>#..##.#
#.#.###.#..# #
#.#........#
##.#.......## #
#....##)...###.#
#.#............#


You could see a goblin, a bat and a kobold.

Vanquished Creatures
  A goblin (D:1)
  3 hobgoblins (D:1)
  A bat (D:1)
  A rat (D:1)
6 creatures vanquished.

Notes
Turn   | Place    | Note
-------+----------+-------------------------------------------
     0 | D:1      | siradein the Gnoll Arcane Marksman began the quest for the
                  | Orb.
     0 | D:1      | Reached XP level 1. HP: 17/17 MP: 4/4
   274 | D:1      | Reached XP level 2. HP: 23/23 MP: 5/5
   303 | D:1      | HP: 1/23 [kobold/stone (4)]
   307 | D:1      | Hit by a stone thrown by a kobold

Illustrated notes

Levels and vault maps discovered:
D:1:      minmay_arrival_wavy_path, layout_loops_cross, hangedman_glass_teeth

Action                   || total
-------------------------++-------
Melee: Mace              ||     5
       Spear             ||     9
       Bite              ||     1
 Fire: Shortbow          ||     6
 Cast: Corona            ||     3
Armor: Robe              ||     1
Dodge: Dodged            ||     7

Table legend: (Time is in decaauts)
 A = Elapsed time spent in this place.
 B = Non-inter-level travel time spent in this place.
 C = Inter-level travel time spent in this place.
 D = Time resting spent in this place.
 E = Time spent auto-exploring this place.
 F = Levels seen in this place.
 G = Mean time per level.
                   A        B        C        D        E       F      G
               +--------+--------+--------+--------+--------+-----+--------+
         Total |    309 |    309 |      0 |    126 |     96 |   1 |  309.0 |
       Dungeon |    309 |    309 |      0 |    126 |     96 |   1 |  309.0 |
               +--------+--------+--------+--------+--------+-----+--------+

Top non-repeatable levels by time:
     D:1: 309 daAuts
